 Dungeon Crawl Stone Soup version 0.29.1-15-g9cfb28693d (webtiles) character file.

Game seed: 10188380564384510159

81 Gabide the Trooper (level 4, -3/36 HPs)
             Began as a Mummy Berserker on Apr 2, 2023.
             Was a Believer of Trog.
             Slain by Terence
             ... wielding a +0 flail
              (11 damage)
             ... on level 2 of the Dungeon.
             The game lasted 00:02:07 (2276 turns).

Gabide the Trooper (Mummy Berserker)                Turns: 2276, Time: 00:02:08

Health: -3/36      AC:  3    Str: 22    XL:     4   Next: 19%
Magic:  0/4        EV: 12    Int:  6    God:    Trog [**....]
Gold:   48         SH:  0    Dex: 11    Spells: 3/3 levels left

rFire   x . .      SeeInvis .     - Unarmed
rCold   + . .      Faith    .   (no shield)
rNeg    + + +      Spirit   +   a - +0 animal skin
rPois   ∞          Reflect  .   (no helmet)
rElec   .          Harm     .   d - scarf {+Inv}
rCorr   .          Rampage  .   (no gloves)
Will    ++...                   c - +0 pair of boots
Stlth   +.........              g - amulet of guardian spirit
HPRegen 1.12/turn               (no ring)
MPRegen 0.09/turn               (no ring)

@: strong-willed, regenerating
A: cold resistance 1, negative energy resistance 3, torment resistance 2, heat
vulnerability 1, in touch with death 1, no potions
a: Renounce Religion, Evoke Invisibility, Trog's Hand


You were on level 2 of the Dungeon.
You worshipped Trog.
Trog was pleased with you.
You visited 1 branch of the dungeon, and saw 2 of its levels.

You collected 48 gold pieces.

Inventory:

Armour
 a - a +0 animal skin (worn)
 c - a +0 pair of boots (worn)
 d - a scarf of invisibility (worn)
Jewellery
 g - an amulet of guardian spirit (around neck)
Scrolls
 b - 2 scrolls of teleportation
 e - a scroll of vulnerability {unknown}
 f - 2 scrolls of identify {unknown}
 h - a scroll of fear {unknown}


   Skills:
 + Level 3.6 Fighting
 - Level 1.5 Armour
 + Level 2.3 Dodging
 * Level 3.4 Unarmed Combat


You had 3 spell levels left.
You didn't know any spells.
Your spell library was empty.

Dungeon Overview and Level Annotations

Branches:
Dungeon (2/15)

Altars:

Annotations:
D:2 Terence


Innate Abilities, Weirdness & Mutations

You are immune to poison.
Your flesh is cold resistant. (rC+)
You are immune to negative energy. (rN+++)
You are immune to unholy pain and torment.
You are vulnerable to heat. (rF-)
You are in touch with the powers of death.
You do not drink.


Message History

You are too injured to fight recklessly!
You are too injured to fight recklessly!
You are too injured to fight recklessly!
You are too injured to fight recklessly!
You are too injured to fight recklessly!
You are too injured to fight recklessly!
You are too injured to fight recklessly!
You are too injured to fight recklessly!
You are too injured to fight recklessly!
You are too injured to fight recklessly!
You are too injured to fight recklessly!
You are too injured to fight recklessly!
You are too injured to fight recklessly!
You are too injured to fight recklessly!
You are too injured to fight recklessly!
You are too injured to fight recklessly!
You hit Terence.
Terence is lightly wounded.
Terence closely misses you.
You hit Terence.
Terence is moderately wounded.
Terence misses you.
You hit Terence.
Terence is heavily wounded.
Terence barely misses you.
You hit Terence but do no damage.
Terence is heavily wounded.
Terence hits you with a +0 flail.
You hit Terence but do no damage.
Terence is heavily wounded.
Terence hits you with a +0 flail!
* * * LOW HITPOINT WARNING * * *
You hit Terence but do no damage.
Terence is heavily wounded.
You hit Terence but do no damage.
Terence is heavily wounded.
Terence hits you with a +0 flail.
* * * LOW HITPOINT WARNING * * *
Terence attacks as you move away! Terence hits you with a +0 flail!
You die...

########### ### ##.........# .
... .......>...##### ... ...
##.............####.(... ...
##.........#....@@..# #.# ...
....[........#.######.#
#.####... ##.....^...###.# #.#
#.#...... ##.............#
#.###.#.##... ...........#####
#...#.#†# #.#
##.........##########...#.#.# .#
###.###.###..............#.###.#
#.# #.# #.####...........@....
#.# #.# #.# #.................


You could see Terence.

Vanquished Creatures
  3 adders (D:2)
  3 worms (D:2)
  3 ball pythons (D:1)
  8 bats (D:1)
  5 endoplasms
  A giant cockroach (D:1)
  5 goblins
  2 hobgoblins
  4 kobolds
  3 quokkas
  A frilled lizard (D:2)
  5 rats
43 creatures vanquished.

Notes
Turn   | Place    | Note
-------+----------+-------------------------------------------
     0 | D:1      | Gabide the Mummy Berserker began the quest for the Orb.
     0 | D:1      | Reached XP level 1. HP: 18/18 MP: 1/1
   457 | D:1      | Reached XP level 2. HP: 23/24 MP: 2/2
   847 | D:1      | Gained mutation: You are in touch with the powers of death.
                  | [Mummy growth]
   847 | D:1      | Reached XP level 3. HP: 21/29 MP: 3/3
   981 | D:1      | Found a faded altar of an unknown god.
  1661 | D:2      | Reached ** piety under Trog
  1837 | D:2      | Reached XP level 4. HP: 24/35 MP: 4/4
  1950 | D:2      | Noticed Terence
  2276 | D:2      | Slain by Terence

Illustrated notes

Levels and vault maps discovered:
D:1:      scummos_arrival_forest, layout_basic, ebering_ecumenical_altar_rust,
          minmay_statues_item, minmay_misc_feat_roman, minmay_misc_feat_encased
D:2:      layout_loops_ring, basic_altar, uniq_terence

Skill      XL: |  1  2 |
---------------+-------+-----
Dodging        | 2 |  2.3
Unarmed Combat | 3 |  3.4
Fighting       | |  3.6
Armour         | |  1.5

Action                   |  1- 3 |  4- 6 || total
-------------------------+-------+-------++-------
Melee: Unarmed           |   165 |    38 ||   203
       Punch             |     3 |     1 ||     4
Invok: Trog's Hand       |       |     2 ||     2
  Use: Scroll            |       |     1 ||     1
 Stab: Sleeping          |     1 |       ||     1
Armor: Animal skin       |    31 |     3 ||    34
Dodge: Dodged            |   110 |    26 ||   136
